 Dungeon Crawl Stone Soup version 0.32-a0-41-gec2d92a32c (webtiles) character file.

Game seed: 13577123244053248970

8309 grandjackal the Mimic (level 11, -4/89 HPs)
             Began as a Merfolk Shapeshifter on Jan 25, 2024.
             Was an Elder of Cheibriados.
             Killed by divine providence
             ... invoked by an orc priest
              (10 damage)
             ... on level 11 of the Dungeon.
             The game lasted 00:11:47 (11609 turns).

grandjackal the Mimic (Merfolk Shapeshifter)       Turns: 11609, Time: 00:11:48

Health: -4/89      AC:  1    Str: 27    XL:     11   Next: 28%
Magic:  15/17      EV: 19    Int: 19    God:    Cheibriados [****..]
Gold:   582        SH:  0    Dex: 23    Spells: 10/10 levels left

rFire   . .          .
                       - Unarmed
rCold   . . .        (shield currently unavailable)
rNeg    . . .        A - melded +2 leather armour {Will+}
rPois   .            (no helmet)
rElec   .            D - scarf {shadows}
rCorr   .            B - +0 pair of gloves
SInv    .            (no boots)
Will    .....        J - amulet of the acrobat
Stlth   +            (no ring)
HPRegen 0.34/turn    (no ring)
MPRegen 0.15/turn

%: acrobat
@: flux-form, glowing, very slow
A: glow, contaminating, (nimble swimmer 2), mertail
a: Begin Untransformation, Renounce Religion, Bend Time, Temporal Distortion,
Slouch


You were on level 11 of the Dungeon.
You worshipped Cheibriados.
Cheibriados was greatly pleased with you.
You were something dangerously unstable.
You visited 1 branch of the dungeon, and saw 11 of its levels.

You collected 664 gold pieces.
You spent 82 gold pieces at shops.

Inventory:

Armour
 o - a +2 robe of cold resistance
 x - the +3 scale mail "Susoomou" {Dex+2}
   (You found it on level 5 of the Dungeon)

   Dex+2:     It affects your dexterity (+2).
 A - a +2 leather armour of willpower (melded)
 B - a +0 pair of gloves (worn)
 D - a scarf of shadows (worn)
Jewellery
 f - an amulet of faith
 l - an amulet of guardian spirit
 E - a +6 ring of intelligence
 J - an amulet of the acrobat (around neck)
Talismans
 c - a beast talisman
 d - a flux talisman (active)
 h - a granite talisman
Wands
 t - a wand of flame (17)
 F - a wand of mindburst (14)
 G - a wand of quicksilver (7)
Scrolls
 a - 3 scrolls of poison {unknown}
 b - a scroll of noise {unknown}
 e - a scroll of fog {unknown}
 i - 2 scrolls of enchant armour {unknown}
 m - 2 scrolls of torment
 n - 3 scrolls of amnesia
 p - 2 scrolls of vulnerability {unknown}
 r - 10 scrolls of identify {unknown}
 s - a scroll of fear {unknown}
 u - 6 scrolls of teleportation {unknown}
 v - 2 scrolls of immolation {unknown}
 y - 3 scrolls of silence {unknown}
 C - 2 scrolls of enchant weapon {unknown}
Potions
 g - 3 potions of brilliance {unknown}
 j - 2 potions of invisibility {unknown}
 k - 2 potions of enlightenment {unknown}
 q - a potion of heal wounds
 w - 2 potions of attraction {unknown}
 z - 4 potions of curing {unknown}
 H - a potion of might {unknown}
 I - 2 potions of magic {unknown}


   Skills:
 + Level 9.5 Fighting
 - Level 4.0 Dodging
 + Level 10.0 Unarmed Combat
 + Level 9.0 Invocations
 + Level 11.0 Shapeshifting


You had 10 spell levels left.
You didn't know any spells.
Your spell library contained the following spells:

 Spells                   Type           Power      Damage    Failure   Level
 Ensorcelled Hibernation  Hex/Ice        0%         N/A       30%         2
 Dazzling Flash           Conj/Hex       0%         N/A       52%         3
 Fugue of the Fallen      Necr           0%         N/A       52%         3
 Inner Flame              Hex/Fire       0%         N/A       52%         3
 Volatile Blastmotes      Fire/Tloc      0%         2d10      52%         3
 Anguish                  Hex/Necr       0%         N/A       90%         4
 Irradiate                Conj/Alch      0%         3d11      99%         5
 Starburst                Conj/Fire      0%         6d3       100%        6
 Ignition                 Fire           0%         3d3       100%        8
 Maxwell's Capacitive Co  Air            0%         ∞         100%        8


Dungeon Overview and Level Annotations

Branches:
Dungeon (11/15)            Temple (0/1) D:5            Lair (0/5) D:11
    Orc (0/2) D:10

Altars:
Cheibriados
Kikubaaqudgha
Nemelex Xobeh
Okawaru
Qazlal
Uskayaw
Xom
The Shining One

Shops:
D:7 (   D:9 :   D:10 *(*[

Annotations:
D:7 2 transporters, pazhot's ghost, novice HOFi


Innate Abilities, Weirdness & Mutations

You are something dangerously unstable.
You glow with magical radiation, making you easy to see and hit.
Foes you strike become dangerously contaminated with magical radiation.
You are incapable of wielding weapons or throwing items.
((You are very nimble when in or above water. (Stealth+, EV+, Speed+++)))
Your lower body shifts to a powerful aquatic tail in water.


Message History

The orc priest calls down the wrath of Beogh upon you.
Beogh smites you!
* * * LOW HITPOINT WARNING * * *
You hear some strange, mumbled words.
Something tries to affect you, but you resist.
Unknown command.
Okay, then.
As you read the scroll labelled XAID BIJAX, it crumbles to dust.
It is a scroll of amnesia.
You feel forgetful for a moment.
The orc priest looks braver for a moment.
An orc comes into view. It is wielding a +0 club.
The orc warrior misses you. Something hits you.
* * * LOW HITPOINT WARNING * * *
Something bites you!
* * * LOW HITPOINT WARNING * * *
Something draws strength from your injuries!
You feel much better.
The orc priest mumbles some strange prayers to Beogh against you.
Beogh smites you!
* * * LOW HITPOINT WARNING * * *
The orc priest mumbles some strange prayers to Beogh against you.
Pain shoots through your body!
* * * LOW HITPOINT WARNING * * *
The orc warrior barely misses you.
You feel much better. The orc warrior barely misses you. Something hits you!
* * * LOW HITPOINT WARNING * * *
Something bites you!
* * * LOW HITPOINT WARNING * * *
Something draws strength from your injuries!
Unknown command.
As you read the scroll labelled MEUBBA WUBY, it crumbles to dust.
Your body is wracked with pain!
* * * LOW HITPOINT WARNING * * *
The orc warrior convulses!
The orc priest convulses! x2; The orc convulses!
The yak convulses! x2; It was a scroll of torment.
The orc priest barely misses you.
The orc priest calls down the wrath of Beogh upon you.
Beogh smites you!
You die...

#P..P........########
#PPPPP...##.........###
#PPPP....#####..##....##
#PPP....## ##..#.....###
#PP.....# ##.....#.>.####
##PP...## #..#..###....#
##...## ###....[###..#....
##...##
##oooo.#..###.##### ###..#
#.p##.....###..##
##.#####{###...........###
#.....YY9.#.....####....#
###....9..#........#.##..
#.......#.....##.#.[#..
##..#####........##.#..
#...####..............
#......##.##.#.#......
#..#.#................


You could see 2 yaks, an orc warrior, a gargoyle, 2 orc priests and an orc.

Vanquished Creatures
  A centaur warrior (D:10)
  2 two-headed ogres
  Pikel (D:5)
  A manticore (D:11)
  A komodo dragon (D:11)
  A troll (D:9)
  Prince Ribbit (D:8)
  A shadow (D:10)
  6 yaks
  2 wyverns (D:9)
  Eustachio (D:6)
  2 steam dragons
  A basilisk (D:11)
  A warg (D:10)
  2 acid dragons
  A water moccasin (D:9)
  A black bear (D:4)
  2 ice beasts (D:5)
  3 orc warriors
  A sky beast (D:8)
  3 ogres
  2 centaurs
  A phantom (D:5)
  2 kobold brigands
  2 gnoll sergeants
  A scorpion (D:6)
  3 killer bees (D:8)
  4 howler monkeys
  2 bombardier beetles
  2 hounds
  5 jellies
  6 orc priests
  A sleepcap (D:5)
  7 iguanas
  4 orc wizards
  11 gnolls
  13 adders
  A shadow imp (D:6)
  30 orcs
  10 endoplasms
  2 giant cockroaches
  11 goblins
  10 hobgoblins
  7 quokkas
  11 ball pythons
  7 bats
  A frilled lizard (D:1)
  11 kobolds
  6 rats
208 creatures vanquished.

Notes
Turn   | Place    | Note
-------+----------+-------------------------------------------
     0 | D:1      | grandjackal the Merfolk Shapeshifter began the quest for
                  | the Orb.
     0 | D:1      | Reached XP level 1. HP: 15/15 MP: 1/1
   198 | D:1      | Reached XP level 2. HP: 20/21 MP: 2/2
   880 | D:2      | Reached XP level 3. HP: 24/27 MP: 3/3
  1022 | D:2      | Reached XP level 4. HP: 33/33 MP: 4/4
  1414 | D:2      | Found a snail-covered altar of Cheibriados.
  1722 | D:2      | Became a worshipper of Cheibriados the Contemplative
  1846 | D:3      | Reached * piety under Cheibriados
  2048 | D:3      | Found an iron altar of Okawaru.
  2229 | D:3      | Reached XP level 5. HP: 38/39 MP: 5/5
  2371 | D:4      | Found a shimmering altar of Xom.
  2476 | D:4      | Reached skill level 5 in Shapeshifting
  2479 | D:4      | Reached skill level 1 in Invocations
  2589 | D:4      | Reached ** piety under Cheibriados
  2873 | D:4      | Noticed an ogre
  2886 | D:4      | Killed an ogre
  2887 | D:4      | Reached XP level 6. HP: 24/47 MP: 2/7
  3399 | D:5      | Entered Level 5 of the Dungeon
  3400 | D:5      | Noticed an ice beast
  3436 | D:5      | Noticed a black bear
  3451 | D:4      | Killed a black bear
  3452 | D:4      | Reached skill level 5 in Unarmed Combat
  3520 | D:5      | Reached XP level 7. HP: 53/53 MP: 8/8
  3713 | D:5      | Reached skill level 6 in Shapeshifting
  3930 | D:5      | Reached XP level 8. HP: 11/61 MP: 3/10
  4132 | D:5      | Identified the +3 scale mail "Susoomou" {Dex+2}
  4206 | D:5      | Found a staircase to the Ecumenical Temple.
  4289 | D:5      | Reached skill level 5 in Fighting
  4335 | D:5      | Noticed Pikel
  4350 | D:5      | Killed Pikel
  4351 | D:5      | Reached skill level 7 in Shapeshifting
  4582 | D:5      | Reached *** piety under Cheibriados
  4583 | D:5      | Reached skill level 5 in Invocations
  4862 | D:6      | Noticed Eustachio
  4896 | D:6      | Killed Eustachio
  4897 | D:6      | Reached XP level 9. HP: 22/69 MP: 3/13
  5172 | D:6      | Found a glowing golden altar of the Shining One.
  5177 | D:6      | Reached skill level 8 in Shapeshifting
  6189 | D:7      | Noticed a moth of wrath
  6189 | D:7      | Noticed pazhot's ghost (novice HOFi)
  6233 | D:7      | Found a transporter.
  6236 | D:7      | Found a transporter.
  6343 | D:7      | Found Joduin's Weapon Boutique.
  6836 | D:8      | Reached **** piety under Cheibriados
  7596 | D:8      | Noticed Prince Ribbit
  7607 | D:8      | Killed Prince Ribbit
  7608 | D:8      | Reached skill level 9 in Shapeshifting
  7779 | D:8      | You fall into a shaft and drop 2 floors!
  7779 | D:10     | Entered Level 10 of the Dungeon
  7784 | D:10     | Found Giuttago's Weapon Boutique.
  7786 | D:10     | Found Nycoad's Assorted Antiques.
  7786 | D:10     | Found Badi's Antique Armour Shoppe.
  7793 | D:10     | Bought a cyan potion for 19 gold pieces
  7793 | D:10     | Bought a black potion for 19 gold pieces
  7793 | D:10     | Bought a scroll labelled XAID BIJAX for 22 gold pieces
  7793 | D:10     | Bought a scroll labelled QIODUGG QOFEY for 22 gold pieces
  7923 | D:10     | Found Yraukuz's Elemental Accessories.
  7960 | D:9      | Noticed a troll
  7968 | D:9      | Killed a troll
  7969 | D:9      | Reached XP level 10. HP: 22/79 MP: 11/15
  7980 | D:9      | HP: 5/120 [centaur (3)]
  8646 | D:9      | Noticed a two-headed ogre
  8654 | D:9      | Killed a two-headed ogre
  8934 | D:9      | Found an ancient bone altar of Kikubaaqudgha.
  9364 | D:9      | Identified the staff of Law {rElec rCorr MP+9 Air}
  9560 | D:9      | Found Heweriv's Book Shop.
  9694 | D:9      | Found a sparkling altar of Nemelex Xobeh.
  9696 | D:9      | Found a stormy altar of Qazlal.
  9698 | D:9      | Found a hide-covered altar of Uskayaw.
  9809 | D:10     | Reached skill level 10 in Shapeshifting
 10067 | D:10     | Found a staircase to the Orcish Mines.
 10079 | D:10     | Noticed a two-headed ogre
 10089 | D:10     | Killed a two-headed ogre
 10169 | D:10     | Noticed a centaur warrior
 10178 | D:10     | Killed a centaur warrior
 10179 | D:10     | Reached XP level 11. HP: 8/89 MP: 17/17
 11301 | D:11     | Found a staircase to the Lair.
 11326 | D:11     | Reached skill level 11 in Shapeshifting
 11344 | D:11     | Reached skill level 10 in Unarmed Combat
 11593 | D:11     | Noticed a manticore
 11604 | D:11     | Killed a manticore
 11606 | D:11     | HP: 3/89 [something (9)]
 11609 | D:11     | Killed from afar by an orc priest

Illustrated notes

Levels and vault maps discovered:
D:1:      mushboom_english_gardens, layout_basic, serial_bayou_crossing
D:2:      layout_loops_ring, basic_altar
D:3:      minmay_recursive_quarters, layout_rooms, kennysheep_okawaru_gauntlet,
          minmay_misc_feat_alley
D:4:      layout_basic, marbit_many_paths
D:5:      layout_cave_pools, minmay_temple_entry_poolview, st_stairs_9,
          uniq_pikel
D:6:      layout_loops_ring, tso_altar, nrook_loot_triangle, uniq_eustachio
D:7:      layout_basic, gammafunk_ghost_wrathful_warriors, serial_shops, shop,
          chequers_jeans, serial_bayou_pond_e, minmay_misc_feat_hallway
D:8:      layout_loops_corners, st_stairs_10, uniq_prince_ribbit1
D:9:      layout_long_grid, grunt_temple_overflow_diamond,
          kiku_gazebo_garden_becter, lightli_bailey_entry_fortress,
          serial_shops, nicolae_shop_back_alley_shop
D:10:     layout_rooms, erik_orc_4, nicolae_elemental_shop,
          hangedman_decor_peaks_small, nicolae_wooded_promenade
D:11:     layout_rooms, david_lair_shrubbed, serial_glass, glass_columns_a,
          glass_columns_a, gammafunk_ghost_hydra_chop

Skill      XL: |  1  2  3  4  5  6  7  8  9 10 11 |
---------------+----------------------------------+-----
Dodging        | 3 4 |  4.0
Fighting       | 2 3 4 6 7 9 |  9.5
Unarmed Combat | 4 5 7 8 9 10 | 10.0
Shapeshifting  | 5 6 7 9 10 11 | 11.0
Invocations    | 1 2 3 5 7 8 9 |  9.0

Action                     |  1- 3 |  4- 6 |  7- 9 | 10-12 || total
---------------------------+-------+-------+-------+-------++-------
  Melee: Unarmed           |    55 |   157 |   322 |   188 ||   722
         Punch             |     1 |     1 |     6 |       ||     8
         Tailslap          |       |       |       |     4 ||     4
 Invoke: Bend Time         |       |       |     3 |     2 ||     5
         Slouch            |       |       |       |     2 ||     2
Ability: Begin Untransform |       |       |     1 |       ||     1
  Evoke: Wand              |       |     3 |     4 |       ||     7
    Use: Potion            |       |       |       |     4 ||     4
         Scroll            |       |       |       |     2 ||     2
   Stab: Sleeping          |       |     2 |     1 |       ||     3
 Armour: Animal skin       |    16 |       |       |       ||    16
         Robe              |     1 |    81 |    65 |       ||   147
         Skin              |       |       |    70 |   105 ||   175
  Dodge: Dodged            |    32 |   121 |   305 |   257 ||   715
   Form: Flux              |       |       |     1 |       ||     1

Table legend: (Time is in decaauts)
 A = Elapsed time spent in this place.
 B = Non-inter-level travel time spent in this place.
 C = Inter-level travel time spent in this place.
 D = Time resting spent in this place.
 E = Time spent auto-exploring this place.
 F = Levels seen in this place.
 G = Mean time per level.
                   A        B        C        D        E       F      G
               +--------+--------+--------+--------+--------+-----+--------+
         Total |  14682 |  14120 |    562 |   3157 |   9152 |  11 | 1334.7 |
       Dungeon |  14682 |  14120 |    562 |   3157 |   9152 |  11 | 1334.7 |
               +--------+--------+--------+--------+--------+-----+--------+

Top non-repeatable levels by time:
     D:9: 1956 daAuts
    D:10: 1854 daAuts
     D:7: 1782 daAuts
     D:8: 1750 daAuts
     D:4: 1516 daAuts
     D:5: 1445 daAuts
     D:6: 1362 daAuts
     D:2: 863 daAuts
     D:1: 843 daAuts
     D:3: 801 daAuts
    D:11: 505 daAuts
